 Dungeon Crawl Stone Soup version 0.23.2-1-ga50397a (webtiles) character file.

Game seed: 10506795106913509319

8001 Fang the Fighter (level 11, -1/72 HPs)
             Began as a Gargoyle Berserker on May 7, 2019.
             Was an Elder of Trog.
             Slain by a skeletal warrior
             ... wielding a +0 glaive
             ... led by a death knight
              (14 damage)
             ... on level 11 of the Dungeon.
             The game lasted 00:15:33 (9314 turns).

Fang the Fighter (Gargoyle Berserker)               Turns: 9314, Time: 00:15:34

Health: -1/72      AC: 25    Str: 23    XL:     11   Next: 24%
Magic:  11/11      EV: 10    Int:  9    God:    Trog [****..]
Gold:   402        SH:  0    Dex: 11    Spells: 10/10 levels left

rFire    . . .     SeeInvis +   a - +4 war axe
rCold    + . .     Gourm    .   (no shield)
rNeg     + . .     Faith    .   b - +3 plate armour
rPois    ∞         Spirit   .   (no helmet)
rElec    +         Reflect  .   (no cloak)
rCorr    .         Harm     .   (no gloves)
MR       .....                  (no boots)
Stlth    ..........             (no amulet)
HPRegen  0.22/turn              v - +2 ring of dexterity
MPRegen  0.12/turn              d - ring of the Traitor {rC+ SInv}

@: berserk cooldown, slowed, very slow
A: negative energy resistance 1, electricity resistance, unbreathing,
petrification resistance, rot immunity, AC +8
a: Berserk, Trog's Hand, Brothers in Arms, Renounce Religion


You were on level 11 of the Dungeon.
You worshipped Trog.
Trog was greatly pleased with you.
You were hungry.

You visited 2 branches of the dungeon, and saw 12 of its levels.

You collected 402 gold pieces.

Inventory:

Hand Weapons
 a - a +4 war axe (weapon)
Armour
 b - a +3 plate armour (worn)
Jewellery
 d - the ring of the Traitor (right hand) {rC+ SInv}
   (You found it on level 6 of the Dungeon)

   [ring of protection from cold]

   It protects you from cold.
   It lets you see invisible.
 j - an uncursed ring of ice
 l - a +6 ring of intelligence
 v - a +2 ring of dexterity (left hand)
Wands
 k - a wand of digging (4)
 p - a wand of disintegration (5)
 y - a wand of acid (12)
Scrolls
 e - 2 scrolls of magic mapping
 f - a scroll of enchant armour
 h - 5 scrolls of remove curse
 i - 3 scrolls of identify
 n - a scroll of random uselessness {unknown}
Potions
 g - a potion of berserk rage
 m - 3 potions of curing
 o - 3 potions of flight
 q - 2 potions of invisibility
 r - a potion of cancellation
 t - a potion of might
 u - 2 potions of haste
 x - a potion of resistance
Comestibles
 c - 18 rations
 s - 2 chunks of flesh


   Skills:
 + Level 10.0 Fighting
 + Level 8.3 Axes
 + Level 9.6 Armour
 + Level 7.3 Dodging


You had 10 spell levels left.
You didn't know any spells.
Your spell library was empty.

Dungeon Overview and Level Annotations

Branches:
Dungeon (11/15)            Temple (1/1) D:7            Lair (0/6) D:8
    Orc: D:9-12

Altars:
Ashenzari
Dithmenos
Elyvilon
Fedhas
Gozag
Hepliaklqana
Kikubaaqudgha
Okawaru
Qazlal
Ru
Sif Muna
Trog
Vehumet
Wu Jian
Yredelemnul
Zin

Shops:
D:4 [   D:6 }%:[(

Annotations:
D:3 2 transporters
D:9 exclusion: orange crystal statue
D:10 Sonja


Innate Abilities, Weirdness & Mutations

You are resistant to torment.
Your stone body is resilient. (AC +8)
You are immune to poison.
You resist negative energy. (rN+)
You are resistant to electric shocks. (rElec)
You can survive without breathing.
You are immune to petrification.
You are immune to rotting.


Message History

You feel as though you will be slow longer.
The death knight hits you with a +4 battleaxe.
The skeletal warrior hits you from afar with a +0 glaive.
You slash the death knight!
The death knight is severely wounded.
The death knight reflects your damage back at you!
The death knight hits you with a +4 battleaxe!
* * * LOW HITPOINT WARNING * * *
The skeletal warrior barely misses you.
You completely miss the death knight.
The death knight is severely wounded.
A freezing wraith comes into view.
The death knight closely misses you. The skeletal warrior barely misses you.
Unknown command.
You feel better.
The death knight's dark mirror aura disappears.
The death knight hits you with a +4 battleaxe!
* * * LOW HITPOINT WARNING * * *
The skeletal warrior hits you from afar with a +0 glaive!
You die...

### #.#
.W. #z#
#p# #@#
#.#
#.########
#.<.......
##########


You could see a death knight, a skeletal warrior and a freezing wraith.

Vanquished Creatures
  Erolcha (D:9)
  Pikel (D:8)
  A cyclops (D:10)
  A freezing wraith (D:11)
  A hippogriff (D:6)
  5 wraiths
  5 yaks (D:10)
  2 hungry ghosts
  4 phantoms
  A sky beast (D:8)
  2 orc warriors
  An ice beast (D:7)
  5 ogres
  2 necrophages (D:9)
  3 centaurs
  5 bullfrogs
  3 scorpions
  12 wights
  5 howler monkeys
  A crimson imp (D:8)
  A bullfrog zombie (D:9)
  8 hounds
  2 quasits
  A centaur zombie (D:5)
  A jelly (D:6)
  6 orc priests
  5 human zombies (D:9)
  9 orc wizards
  3 bullfrog skeletons
  2 centaur skeletons
  2 iguanas
  3 worker ants
  A hound skeleton (D:4)
  A mummy (D:9)
  A howler monkey zombie (D:8)
  A worker ant zombie (D:7)
  3 gnolls (D:5)
  A howler monkey skeleton (D:7)
  10 adders
  4 shadow imps
  An ooze (D:2)
  An adder zombie (D:9)
  2 worms
  A dart slug (D:1)
  11 leopard geckos
  23 orcs
  3 giant cockroaches
  8 goblins
  8 hobgoblins
  25 jackals
  9 kobolds
  5 quokkas
  3 ball pythons
  6 bats
  3 frilled lizards
  A leopard gecko skeleton (D:7)
  An orc zombie (D:9)
  A quokka skeleton (D:4)
  5 rats
243 creatures vanquished.

Vanquished Creatures (others)
  A leopard gecko (D:8)
1 creature vanquished.

Grand Total: 244 creatures vanquished

Notes
Turn   | Place    | Note
-------+----------+-------------------------------------------
     0 | D:1      | Fang the Gargoyle Berserker began the quest for the Orb.
     0 | D:1      | Reached XP level 1. HP: 14/14 MP: 1/1
    83 | D:1      | You fall through a shaft!
   148 | D:2      | Reached XP level 2. HP: 19/19 MP: 2/2
   342 | D:2      | Reached XP level 3. HP: 20/23 MP: 3/3
   607 | D:2      | Found a deep blue altar of Sif Muna.
   812 | D:2      | Reached XP level 4. HP: 26/29 MP: 4/4
  1034 | D:1      | Reached ** piety under Trog
  1235 | D:1      | Reached skill level 4 in Fighting
  1789 | D:3      | Found a transporter.
  1826 | D:3      | Found a transporter.
  1882 | D:3      | Reached XP level 5. HP: 17/33 MP: 5/5
  2032 | D:3      | Found a stormy altar of Qazlal.
  2113 | D:3      | Found a shadowy altar of Dithmenos.
  2711 | D:4      | Reached *** piety under Trog
  2753 | D:4      | Reached XP level 6. HP: 32/39 MP: 6/6
  3110 | D:4      | Found Ociledgh's Antique Armour Emporium.
  3432 | D:5      | Entered Level 5 of the Dungeon
  3741 | D:5      | Reached skill level 5 in Fighting
  3747 | D:5      | Reached XP level 7. HP: 44/44 MP: 7/7
  4489 | D:5      | Found a blossoming altar of Fedhas.
  4558 | D:6      | Reached **** piety under Trog
  4561 | D:6      | Reached skill level 5 in Armour
  4825 | D:6      | Got a crude copper ring
  4870 | D:6      | Reached XP level 8. HP: 46/51 MP: 8/8
  4891 | D:6      | Noticed a hippogriff
  4904 | D:6      | Killed a hippogriff
  4904 | D:6      | Reached skill level 6 in Fighting
  4904 | D:6      | Reached skill level 5 in Axes
  4914 | D:6      | Found Peustu's Antique Weapon Emporium.
  4989 | D:6      | Identified the ring of the Traitor {rC+ SInv} (You found it
                  | on level 6 of the Dungeon)
  5053 | D:6      | Found Ishreot's Food Boutique.
  5171 | D:6      | Found Hyqiusy's Book Boutique.
  5200 | D:6      | Found Byab Apn's Gadget Boutique.
  5233 | D:6      | Found Fuysodau's Antique Armour Boutique.
  5551 | D:7      | Found a staircase to the Ecumenical Temple.
  5628 | Temple   | Entered the Ecumenical Temple
  5929 | D:7      | Reached skill level 7 in Fighting
  5929 | D:7      | Reached XP level 9. HP: 31/57 MP: 9/9
  5979 | D:7      | Found a faded altar of an unknown god.
  5979 | D:7      | Found a faded altar of an unknown god.
  5984 | D:7      | Found a shattered altar of Ashenzari.
  5986 | D:7      | Found a radiant altar of Vehumet.
  5988 | D:7      | Found a white marble altar of Elyvilon.
  6131 | D:7      | Reached skill level 5 in Dodging
  6139 | D:7      | Found an opulent altar of Gozag.
  6327 | D:7      | Found an iron altar of Okawaru.
  6604 | D:8      | Noticed Pikel
  6624 | D:8      | Killed Pikel
  6624 | D:8      | Reached skill level 8 in Fighting
  6921 | D:8      | Found a staircase to the Lair.
  7254 | D:9      | Reached XP level 10. HP: 50/64 MP: 10/10
  7395 | D:9      | Found an ancient bone altar of Kikubaaqudgha.
  7496 | D:9      | Noticed Erolcha
  7517 | D:9      | Killed Erolcha
  7517 | D:9      | Reached skill level 9 in Fighting
  7722 | D:9      | Noticed an orange crystal statue
  8158 | D:10     | Entered Level 10 of the Dungeon
  8312 | D:10     | Noticed a cyclops
  8325 | D:10     | Killed a cyclops
  8558 | D:10     | Reached XP level 11. HP: 72/72 MP: 11/11
  8605 | D:10     | Noticed Sonja
  9303 | D:11     | Reached skill level 10 in Fighting
  9304 | D:11     | Noticed a death knight
  9310 | D:11     | Noticed a skeletal warrior
  9314 | D:11     | Slain by a skeletal warrior

Skill      XL: |  1  2  3  4  5  6  7  8  9 10 11 |
---------------+----------------------------------+-----
Axes           | 3 4 5 6 8 |  8.3
Dodging        | 2 3 4 5 7 |  7.3
Armour         | 3 4 5 6 7 9 |  9.6
Fighting       | 4 5 7 8 9 10 | 10.0

Action                   |  1- 3 |  4- 6 |  7- 9 | 10-12 || total
-------------------------+-------+-------+-------+-------++-------
Melee: Hand axe          |    94 |   267 |    80 |       ||   441
       War axe           |       |       |   358 |   309 ||   667
       Unarmed           |       |       |    13 |       ||    13
Invok: Berserk           |       |       |     4 |     4 ||     8
       Brothers in Arms  |       |       |       |     1 ||     1
  Use: Scroll            |       |       |    24 |       ||    24
       Potion            |       |       |       |     1 ||     1
 Stab: Sleeping          |       |     2 |       |       ||     2
  Eat: Chunk             |       |     6 |    16 |    10 ||    32
       Ration            |       |     1 |       |     2 ||     3
Armor: Animal skin       |    35 |    61 |       |       ||    96
       Plate armour      |       |    91 |   398 |   218 ||   707
Dodge: Dodged            |    67 |   180 |   232 |   135 ||   614
